 Dungeon Crawl Stone Soup version 0.28.0-53-g5a82cb258f (webtiles) character file.

Game seed: 6211295904779555076

1327488 fictitious the Hawkeye (level 27, 297/297 HPs)
             Began as an Ogre Arcane Marksman on May 27, 2022.
             Was the Champion of Ashenzari.
             Escaped with the Orb
             ... and 3 runes on May 29, 2022!
             The game lasted 09:53:11 (117961 turns).

fictitious the Hawkeye (Ogre Arcane Marksman)     Turns: 117961, Time: 09:53:12

Health: 297/297    AC: 31    Str: 19      XL:     27
Magic:  48/48      EV: 14    Int: 21 (22) God:    Ashenzari [******]
Gold:   5378       SH: 15    Dex: 13      Spells: 5/69 levels left

rFire   + . .      SeeInvis +   b - staff of fire (curse) {Bglg, Elem}
rCold   + . .      Faith    .   W - +3 kite shield of the Shackled Seer {rC+, Range, Evo} (curse)
rNeg    . . .      Spirit   .   H - +7 swamp dragon scales "Share My Repose" {rPois, Comp, Self} (curse)
rPois   +          Reflect  .   E - +2 hat "Cursed Together" {rElec rCorr Str-3 Dex+2, Comp, Fort} (curse)
rElec   +          Harm     .   R - +2 cloak "Share My Burden" {Melee, Alch} (curse)
rCorr   +          Rampage  .   (gloves unavailable)
Will    +++..      Clarity  +   (boots unavailable)
Stlth   +.........              w - amulet "Unveiling Fetters" {RegenMP, Comp, Alch} (curse)
HPRegen 0.59/turn               S - ring "Gaze Upon Infinity" {AC+4 Dex+2, Range, Bglg} (curse)
MPRegen 0.71/turn               i - ring of Ashenzari's Burden {Will+, Alch, Bglg} (curse)

@: on dragon call cooldown, studying Long Blades
A: large, unfitting armour, tough skin 1, iridescent scales 1, berserk 2, clumsy
1, sense surroundings 1
0: Orb of Zot
}: 3/15 runes: decaying, serpentine, silver
a: Renounce Religion, Shatter the Chains


You escaped.
You worshipped Ashenzari.
Ashenzari was exalted by your worship.
You visited 10 branches of the dungeon, and saw 49 of its levels.
You also visited: Ossuary, Bailey and Gauntlet.

You collected 10274 gold pieces.
You spent 4896 gold pieces at shops.

Inventory:

Hand Weapons
 a - a +9 dagger
 g - the +12 spear of Context {vorpal, Will+ Dex+2}
   (You found it on level 1 of the Lair of Beasts)

   It inflicts extra damage upon your enemies.
   Dex:       It affects your dexterity (+2).
   Will:      It increases your willpower.
Missiles
 c - 6 throwing nets
 f - 5 silver javelins
 j - 13 boomerangs
 k - 2 boomerangs of dispersal
 n - 20 large rocks (quivered)
 r - 13 curare-tipped darts
 K - 10 javelins
Armour
 E - the cursed +2 hat "Cursed Together" (worn) {rElec rCorr Str-3 Dex+2, Comp, Fort}
   (You found it in a Gauntlet)

   Str:       It affects your strength (-3).
   Dex:       It affects your dexterity (+2).
   rElec:     It insulates you from electricity.
   rCorr:     It protects you from acid and corrosion.
   It has a curse which improves the following skills: Companions: Summonings
   and Necromancy.
   Fortitude: Armour and Shields.
 H - the cursed +7 swamp dragon scales "Share My Repose" (worn) {rPois, Comp, Self}
   (You found it on level 3 of the Swamp)

   rPois:     It protects you from poison.
   It has a curse which improves the following skills: Companions: Summonings
   and Necromancy.
   Introspection: Fighting and Spellcasting.
 R - the cursed +2 cloak "Share My Burden" (worn) {Melee, Alch}
   (You took it off Crazy Yiuf on level 5 of the Dungeon)

   It has a curse which improves the following skills: Melee Combat: Short
   Blades, Long Blades, Axes, Maces & Flails, Polearms, Staves and Unarmed
   Combat.
   Alchemy:   Poison Magic and Transmutations.
 W - the cursed +3 kite shield of the Shackled Seer (worn) {rC+, Range, Evo}
   (You took it off a vault warden on level 5 of the Vaults)

   It has a curse which improves the following skills: Ranged Combat: Slings,
   Bows, Crossbows and Throwing.
   Evocations: Evocations.
Magical Staves
 b - a cursed staff of fire (weapon) {Bglg, Elem}
Jewellery
 d - the ring of Wonder {Contam rElec rF- rC+ rN+++}
   (You found it on level 1 of the Elven Halls)

   [ring of protection from cold]

   rF:        It makes you vulnerable to fire.
   rC:        It protects you from cold.
   rElec:     It insulates you from electricity.
   rN:        It renders you almost immune to negative energy.
   Contam:    It causes magical contamination when unequipped.
 i - the cursed ring of Ashenzari's Burden (right hand) {Will+, Alch, Bglg}
   (You found it on level 3 of the Dungeon)

   [ring of willpower]

   Will:      It increases your willpower.
   It has a curse which improves the following skills: Alchemy: Poison Magic and
   Transmutations.
   Beguiling: Conjurations, Hexes and Translocations.
 w - the cursed amulet "Unveiling Fetters" (around neck) {RegenMP, Comp, Alch}
   (You bought it in a shop on level 14 of the Dungeon)

   [amulet of magic regeneration]

   It increases your rate of magic regeneration.
   It has a curse which improves the following skills: Companions: Summonings
   and Necromancy.
   Alchemy:   Poison Magic and Transmutations.
 z - a ring of resist corrosion
 Q - a +6 ring of dexterity
 S - the cursed ring "Gaze Upon Infinity" (left hand) {AC+4 Dex+2, Range, Bglg}
   (You acquired it in a bailey)

   [ring of protection]

   AC:        It affects your AC (+4).
   Dex:       It affects your dexterity (+2).
   It has a curse which improves the following skills: Ranged Combat: Slings,
   Bows, Crossbows and Throwing.
   Beguiling: Conjurations, Hexes and Translocations.
 Y - a ring of fire
 Z - a ring of wizardry
Wands
 A - a wand of acid (19)
 B - a wand of iceblast (34)
 I - a wand of digging (16)
Scrolls
 e - 5 scrolls of blinking {!r}
 h - 4 scrolls of brand weapon {!r}
 l - 7 scrolls of fear
 o - 5 scrolls of amnesia
 v - 8 scrolls of fog
 y - 11 scrolls of immolation
 M - 3 scrolls of magic mapping
 N - a scroll of summoning
 O - 13 scrolls of teleportation
 U - 2 scrolls of enchant armour
 V - 3 scrolls of silence
 X - 4 scrolls of enchant weapon
Potions
 m - 11 potions of brilliance
 p - a potion of resistance
 q - 7 potions of ambrosia
 s - 6 potions of flight
 t - 7 potions of invisibility
 u - 11 potions of might
 x - 4 potions of berserk rage
 C - 8 potions of mutation {!q}
 F - 5 potions of cancellation
 G - 5 potions of heal wounds
 J - 4 potions of haste {!q}
 L - a potion of magic
 P - 24 potions of curing
Miscellaneous
 D - a phantom mirror


   Skills:
 + Level 19.1(21.5) Fighting
 - Level 6.5(9.2) Short Blades
 - Level 22.5(26.0) Throwing
 - Level 12.4(15.0) Armour
 - Level 15.0 Dodging
 - Level 2.5 Stealth
 - Level 12.4(15.0) Shields
 + Level 19.2(21.5) Spellcasting
 - Level 6.0(10.9) Conjurations
 - Level 8.0(13.0) Hexes
 - Level 22.4(27) Summonings
 - Level 5.2(10.0) Necromancy
 - Level 4.0(8.5) Translocations
 - Level 6.0(8.6) Ice Magic
 - Level 4.0(6.4) Air Magic
 - Level 4.0(8.5) Poison Magic
 - Level 3.3 Invocations


You had 5 spell levels left.
You knew the following spells:

 Your Spells              Type           Power      Damage    Failure   Level
a - Animate Armour        Summ/Erth      100%       N/A       1%          4
b - Mephitic Cloud        Conj/Pois/Air  56%        N/A       1%          3
c - Summon Cactus Giant   Summ           47%        N/A       0%          6
d - Dragon's Call         Summ           47%        N/A       7%          9
e - Portal Projectile     Hex/Tloc       100%       N/A       1%          3
f - Malign Gateway        Summ/Tloc      38%        N/A       2%          7
g - Summon Mana Viper     Hex/Summ       82%        N/A       1%          5
h - Swiftness             Air            49%        N/A       1%          3
i - Haunt                 Necr/Summ      39%        N/A       1%          7
q - Blink                 Tloc           100%       N/A       1%          2
w - Summon Horrible Thin  Summ           47%        N/A       1%          8
x - Monstrous Menagerie   Summ           47%        N/A       1%          7

Your spell library contained the following spells:

 Spells                   Type           Power      Damage    Failure   Level
 Summon Small Mammal      Summ           100%       N/A       0%          1
 Call Imp                 Summ           94%        N/A       0%          2
 Call Canine Familiar     Summ           94%        N/A       0%          3
 Summon Guardian Golem    Hex/Summ       82%        N/A       0%          3
 Animate Skeleton         Necr           100%       N/A       1%          1
 Apportation              Tloc           100%       N/A       1%          1
 Foxfire                  Conj/Fire      100%       2x1d9     1%          1
 Freeze                   Ice            100%       1d11      1%          1
 Magic Dart               Conj           100%       1d8       1%          1
 Pain                     Necr           100%       1d9       1%          1
 Shock                    Conj/Air       100%       1d9       1%          1
 Slow                     Hex            100%       N/A       1%          1
 Sting                    Tmut/Pois      100%       1d8       1%          1
 Corpse Rot               Necr/Air       100%       N/A       1%          2
 Poisonous Vapours        Pois/Air       100%       N/A       1%          2
 Sublimation of Blood     Necr           60%        N/A       1%          2
 Confusing Touch          Hex            67%        N/A       1%          3
 Conjure Flame            Conj/Fire      62%        6-21      1%          3
 Dazzling Flash           Conj/Hex       100%       N/A       1%          3
 Frozen Ramparts          Ice            100%       1d12      1%          3
 Inner Flame              Hex/Fire       66%        N/A       1%          3
 Lesser Beckoning         Tloc           55%        N/A       1%          3
 Ozocubu's Armour         Ice            56%        N/A       1%          3
 Spider Form              Tmut/Pois      42%        N/A       1%          3
 Stone Arrow              Conj/Erth      92%        3d12      1%          3
 Tukima's Dance           Hex            67%        N/A       1%          3
 Vampiric Draining        Necr           60%        2d10      1%          3
 Anguish                  Hex/Necr       31%        N/A       1%          4
 Animate Dead             Necr           30%        N/A       1%          4
 Cause Fear               Hex            33%        N/A       1%          4
 Dispel Undead            Necr           60%        3d21      1%          4
 Fulminant Prism          Conj/Hex       32%        3d16      1%          4
 Hailstorm                Conj/Ice       59%        3d13      1%          4
 Iskenderun's Mystic Bla  Conj/Tloc      59%        2d12      1%          4
 Olgreb's Toxic Radiance  Pois           55%        N/A       1%          4
 Passage of Golubria      Tloc           55%        N/A       1%          4
 Summon Ice Beast         Ice/Summ       78%        N/A       1%          4
 Summon Lightning Spire   Summ/Air       75%        N/A       1%          4
 Agony                    Necr           60%        N/A       1%          5
 Excruciating Wounds      Necr           30%        N/A       1%          5
 Metabolic Englaciation   Hex/Ice        31%        N/A       1%          5
 Silence                  Hex/Air        29%        N/A       2%          5
 Beastly Appendage        Tmut           50%        N/A       3%          1
 Airstrike                Air            24%        N/A       3%          4
 Freezing Cloud           Conj/Ice/Air   28%        6-21      3%          5
 Manifold Assault         Tloc           55%        N/A       3%          5
 Sandblast                Erth           48%        2d12      4%          1
 Wereblood                Tmut           25%        N/A       4%          2
 Flame Wave               Conj/Fire      62%        2d12      4%          4
 Passwall                 Tmut/Erth      20%        N/A       5%          2
 Scorch                   Fire           72%        2d8       6%          2
 Ice Form                 Ice/Tmut       42%        N/A       6%          4
 Yara's Violent Unravell  Hex/Tmut       25%        3d11      8%          5
 Irradiate                Conj/Tmut      23%        3d21      11%         5
 Alistair's Intoxication  Tmut/Pois      28%        N/A       19%         5
 Petrify                  Tmut/Erth      24%        N/A       34%         4
 Blade Hands              Tmut           12%        N/A       67%         5
 Lee's Rapid Deconstruct  Erth           12%        3d9*      73%         5
 Summon Hydra             Summ           47%        N/A       1%          7
 Death Channel            Necr           30%        N/A       11%         6
 Simulacrum               Ice/Necr       29%        N/A       14%         6
 Conjure Ball Lightning   Conj/Air       28%        3x3d8     19%         6
 Enfeeble                 Hex            33%        N/A       19%         7
 Dispersal                Tloc           27%        N/A       21%         6
 Iron Shot                Conj/Erth      23%        9d5       56%         6
 Ozocubu's Refrigeration  Ice            28%        4d10      73%         7
 Statue Form              Tmut/Erth      16%        N/A       99%         6
 Infestation              Necr           30%        N/A       99%         8
 Dragon Form              Tmut           12%        N/A       100%        7
 Storm Form               Tmut/Air       18%        N/A       100%        7
 Disjunction              Tloc           27%        N/A       100%        8
 Maxwell's Capacitive Co  Air            24%        ∞         100%        8
 Chain Lightning          Conj/Air       28%        3d37      100%        9
 Fire Storm               Conj/Fire      31%        8d8       100%        9
 Polar Vortex             Ice            28%        N/A       100%        9
 Shatter                  Erth           12%        3d13*     100%        9


Dungeon Overview and Level Annotations

Branches:
Dungeon (15/15)            Temple (1/1) D:6            Lair (6/6) D:8
  Swamp (4/4) Lair:3        Snake (4/4) Lair:4        Slime (0/5) Lair:5
    Orc (2/2) D:9             Elf (3/3) Orc:2        Vaults (5/5) D:14
  Crypt (0/3) Vaults:2     Depths (4/4) D:15            Zot (5/5) Depths:4
Ossuary (visited)          Bailey (visited)         Gauntlet (visited)

Altars:
Ashenzari
Cheibriados
Dithmenos
Elyvilon
Fedhas
Gozag
Hepliaklqana
Kikubaaqudgha
Makhleb
Nemelex Xobeh
Okawaru
Qazlal
Ru
Sif Muna
Trog
Uskayaw
Vehumet
Wu Jian
Xom
Yredelemnul
Zin
The Shining One
Beogh
Jiyva

Shops:
D:3 !   D:7 ?(:[:   D:12 !   D:14 =   Orc:1 *   Orc:2 ?[(?[   Elf:2 [
Snake:2 (*:?[   Vaults:2 (   Depths:4 (*

Portals:
Hell: Depths:1 Depths:2 Depths:3 Depths:4
Abyss: Depths:3
Pandemonium: Depths:2 Depths:3
Ziggurat: Depths:4
Trove: Vaults:4 (give +5 ice dragon scales)

Annotations:
D:13 3 runed translucent doors, Esezej's ghost, journeyman GnWr
Elf:2 3 runed translucent doors
Elf:3 2 transporters, issech's ghost, adept MiMo


Innate Abilities, Weirdness & Mutations

You are too large for most types of armour.
You have tough skin. (AC +1)
You are partially covered in iridescent scales. (AC +2)
You often lose your temper in combat.
You are clumsy. (Dex -2)
You passively map a small area around you.


Message History

Your shadow dragon claws the cacodemon.
Your shadow dragon claws the cacodemon!
The orange demon closely misses your shadow dragon.
The orange demon hits your shadow dragon but does no damage.
Your storm dragon disappears in a puff of smoke!
Your shadow dragon bites the orange demon.
Your shadow dragon claws the orange demon. x2
The cacodemon hits your shadow dragon! x2
Your shadow dragon bites the cacodemon.
Your shadow dragon claws the cacodemon. x2
The orange demon misses your shadow dragon.
The orange demon hits your shadow dragon.
Your quicksilver dragon bites the orange demon!
The orange demon dies!
Your shadow dragon closely misses the cacodemon.
Your shadow dragon claws the cacodemon.
Your shadow dragon closely misses the cacodemon.
The orange demon stings your shadow dragon.
The orange demon hits your shadow dragon but does no damage.
Something stings your shadow dragon.
Something hits your shadow dragon but does no damage.
Some rock shatters into small pieces.
There is an open door here.
Something hits your shadow dragon.
Something hits your shadow dragon but does no damage.
There is an open door here.
The roar of the dragon horde subsides.
Your quicksilver dragon disappears in a puff of smoke!
You hear a grinding noise.
You hear a grinding noise.
Aiming: Dig
Press: ? - help, Shift-Dir - straight line A rock wall.
This square is covered in magical glow.
The rock shatters into small pieces.
Your shadow dragon disappears in a puff of smoke!
Your golden dragon disappears in a puff of smoke!
You hear a grinding noise.
There is a staircase leading out of the dungeon here.
You have escaped!

.###.###.....###.###.....##
..##'##.......##'##.......##
.D{{.'D§{......'.'.........#
{.#.'...§§....##'##.......##
..##.###..{..###.###.....##
..#...###...#.#...###...##
##.....###.###.....###.##
#.......#####.......##'#
.........###....@....'.#
#.......#####.......####
##......# ####.....##
##...## ####...#.# ##.##
####.#### #'# ### #.# ##.#
#..#


There were no monsters in sight!

Vanquished Creatures
  3 dread liches
  2 orbs of fire (Zot:5)
  Boris (Depths:4)
  Saint Roka (Orc:2)
  2 Killer Klowns
  A caustic shrike (shapeshifter) (Depths:3)
  Vashnia (Snake:1)
  A curse toe (Zot:4)
  4 golden dragons
  2 Tzitzimimeh
  3 tentacled monstrosities
  3 liches
  2 deep elf master archers (Elf:3)
  A deep elf blademaster (Elf:3)
  A sphinx (Depths:3)
  3 death cobs
  4 shadow dragons
  A tengu reaver (Vaults:4)
  Agnes (D:15)
  A draconian knight (Zot:4)
  A nagaraja (Snake:3)
  Kirke (D:11)
  4 frost giants
  2 fire giants
  7 vault wardens
  A deep elf sorcerer (Elf:3)
  A draconian shifter (Zot:3)
  A draconian annihilator (Zot:1)
  3 very ugly things
  2 draconian stormcallers
  2 war gargoyles (Vaults:4)
  6 ironbound preservers
  3 stone giants
  A vampire knight (Vaults:2)
  2 ironbound thunderhulks (Vaults:2)
  A green draconian (Zot:2)
  2 black draconians
  An eleionoma (Swamp:4)
  8 deep elf demonologists (Elf:3)
  A purple draconian (Zot:1)
  3 white draconians (Zot:1)
  A yellow draconian (Zot:3)
  A bunyip (Swamp:1)
  3 deep elf annihilators
  4 dire elephants
  A red draconian (Zot:3)
  3 ettins
  2 fire dragons
  3 deep elf high priests
  5 yaktaur captains
  2 ghost crabs
  2 ice dragons
  3 vault guards
  7 hydras
  2 naga warriors (Snake:2)
  A boulder beetle (D:13)
  A peacekeeper (Vaults:4)
  2 ironbound frosthearts
  2 rakshasas (Depths:2)
  2 anacondas
  An anaconda (shapeshifter) (Depths:3)
  4 centaur warriors
  A two-headed ogre (D:10)
  3 deep troll shamans
  6 hell hogs
  An alligator (Swamp:1)
  2 dancing weapons (Elf:3)
  2 deep troll earth magi (Depths:2)
  2 orc high priests
  A vampire mage (Vaults:2)
  A naga sharpshooter (Snake:4)
  A deep elf knight (Elf:2)
  2 shock serpents
  A storm dragon skeleton (Vaults:3)
  A salamander mystic (Snake:3)
  3 goliath frogs
  A sea snake (Snake:3)
  A flayed ghost (Vaults:5)
  3 shadow demons
  An iron troll (Depths:4)
  2 swamp dragons (Swamp:4)
  4 bog bodies
  2 lindwurms (Vaults:2)
  2 naga ritualists
  A phantasmal warrior (Vaults:5)
  5 deep elf archers
  2 glowing orange brains
  12 deep trolls
  7 ironbound convokers
  An orange crystal statue (Zot:5)
  5 wizards
  4 harpies (Vaults:1)
  2 orc knights (Vaults:3)
  5 deep elf pyromancers
  2 mana vipers
  3 necromancers
  2 manticores
  6 deep elf zephyrmancers
  3 orc sorcerers
  A salamander (Snake:1)
  A will-o-the-wisp (Swamp:1)
  14 moths of wrath
  3 ugly things
  4 elephants (Gauntlet)
  A titan simulacrum (Depths:2)
  A guardian serpent (shapeshifter) (D:13)
  2 naga magi
  10 black mambas
  A guardian serpent (Snake:2)
  3 vault sentinels
  4 cane toads
  2 torpor snails
  A yaktaur zombie (Vaults:3)
  10 rime drakes
  9 yaktaurs
  7 komodo dragons
  2 meliai
  5 hornets
  2 trolls (Orc:1)
  4 tyrant leeches
  7 blink frogs
  10 slime creatures
  6 spriggans
  15 shadows
  2 fire elementals
  41 yaks
  2 basilisks
  4 steam dragons
  4 wyverns
  A hog (D:12)
  A vampire mosquito (Swamp:1)
  A redback (Vaults:4)
  A warg (Orc:2)
  18 nagas
  5 swamp worms
  10 water moccasins
  An acid dragon (D:8)
  A floating eye (Depths:4)
  A floating eye (shapeshifter) (Vaults:5)
  27 orc warriors
  An ice beast (D:6)
  9 ogres
  2 black bears
  A boggart (Lair:6)
  6 wolves
  6 centaurs
  2 phantoms (D:5)
  31 nameless horrors
  12 bullfrogs
  A gnoll sergeant (D:9)
  2 scorpions
  2 water moccasin skeletons (D:6)
  3 killer bees (D:11)
  6 electric eels
  A howler monkey (D:8)
  A spectral centaur (D:9)
  2 lava snakes (Lair:5)
  A human zombie (Ossuary)
  3 hounds (D:7)
  2 centaur zombies (D:7)
  Crazy Yiuf (D:5)
  A gnoll shaman (D:4)
  17 orc priests
  2 bullfrog skeletons (D:6)
  An iguana (D:4)
  Jessica (D:2)
  2 centaur skeletons (D:9)
  17 orc wizards
  6 hell rats (Lair:6)
  3 mummies (Ossuary)
  A howler monkey zombie (D:9)
  15 gnolls
  7 adders
  2 shadow imps
  3 white imps
  2 ufetubi
  2 worms (D:2)
  3 dart slugs (D:1)
  76 orcs
  8 endoplasms
  2 giant cockroaches
  12 goblins
  2 hobgoblins
  A jackal (D:1)
  7 kobolds
  3 quokkas
  3 ball pythons
  3 bats (D:1)
  4 frilled lizards
  2 hobgoblin zombies (Ossuary)
  An orc zombie (Ossuary)
  8 rats
  A briar patch (Swamp:2)
804 creatures vanquished.

Vanquished Creatures (collateral kills)
  2 dread liches
  7 orbs of fire
  Mara (Depths:1)
  A juggernaut (Depths:3)
  Boris (Vaults:5)
  6 Killer Klowns
  the Lernaean hydra (Swamp:4)
  Bai Suzhen (Depths:1)
  A caustic shrike (Depths:3)
  9 golden dragons
  Nikola (Vaults:1)
  A profane servitor (Depths:4)
  2 hellephants (Depths:2)
  4 electric golems
  A Tzitzimitl (Elf:3)
  16 tentacled monstrosities
  3 quicksilver dragons
  28 Orb Guardians
  A deep elf blademaster (Elf:3)
  4 titans
  Asterion (Elf:2)
  A lich (Depths:3)
  A walking earthen tome (Depths:3)
  The ghost of Lolleill the Bludgeoner, an adept DgTm (Vaults:2)
  An acid blob (shapeshifter) (Vaults:5)
  8 death cobs
  5 sphinxes
  A thorn hunter (Swamp:2)
  6 shadow dragons
  5 tengu reavers
  11 storm dragons
  7 nagarajas
  11 fire giants
  The ghost of ShadowYui the Bludgeoner, an adept HuFi of the Shining One (Swamp:2)
  6 deep elf sorcerers
  5 draconian monks
  Louise (Swamp:4)
  12 vault wardens
  6 draconian knights
  5 frost giants
  6 draconian scorchers
  2 draconian shifters
  4 orc warlords
  3 deep elf elementalists (Elf:3)
  5 draconian annihilators
  16 ironbound preservers
  2 ghouls (Lair:3)
  6 draconian stormcallers
  16 very ugly things
  3 ironbound thunderhulks
  3 war gargoyles (Vaults:4)
  7 stone giants
  A lorocyproca (D:12)
  14 white draconians
  19 black draconians
  3 eleionomae
  7 deep elf annihilators
  10 green draconians
  3 deep elf demonologists
  13 yellow draconians
  2 entropy weavers
  18 dire elephants
  A vampire knight (Depths:1)
  7 spark wasps
  9 red draconians
  13 purple draconians
  The ghost of Etunu the Severer, a journeyman GrFi of the Shining One (Lair:6)
  A crystal guardian (Vaults:3)
  12 ettins
  9 fire dragons
  11 deep elf death magi
  2 pearl dragon zombies (Depths:4)
  A shambling mangrove (Swamp:2)
  9 deep elf high priests
  9 yaktaur captains
  11 hydras
  6 ice dragons
  38 vault guards
  8 great orbs of eyes
  5 boulder beetles
  12 naga warriors
  3 rakshasas
  A salamander tyrant (Snake:4)
  9 ironbound frosthearts
  A death knight (Depths:4)
  3 peacekeepers
  2 spriggan air magi
  5 centaur warriors
  18 dancing weapons
  3 ghost crabs
  6 anacondas
  An alligator snapping turtle (shapeshifter) (Vaults:5)
  2 deep troll earth magi (Depths:4)
  6 tengu warriors
  2 two-headed ogres
  A deep troll shaman (Depths:2)
  7 hell hogs
  3 spriggan berserkers (Depths:3)
  A vampire mage (Vaults:2)
  4 alligators
  4 shock serpents
  A hell knight (Vaults:1)
  2 deep elf knights (Elf:3)
  2 sixfirhies (Zot:3)
  6 salamander mystics
  3 iron trolls
  14 naga sharpshooters
  A cherub (Zot:3)
  A sea snake (Snake:3)
  A spriggan druid (Swamp:1)
  3 goliath frogs
  A glowing orange brain (Depths:1)
  A deep troll (shapeshifter) (Vaults:5)
  8 naga ritualists
  44 deep trolls
  A swamp dragon (shapeshifter) (D:14)
  4 shadow demons
  6 wizards
  7 phantasmal warriors
  9 bog bodies
  6 swamp dragons
  2 flayed ghosts
  A golden dragon skeleton (Depths:2)
  10 deep elf archers
  A mana viper (shapeshifter) (Vaults:5)
  11 deep elf zephyrmancers
  4 orc knights
  5 necromancers
  3 lindwurms
  A wolf spider (shapeshifter) (Elf:1)
  18 deep elf pyromancers
  8 ironbound convokers
  19 mana vipers
  10 harpies
  A wolf spider (D:15)
  An oklob plant (Lair:4)
  31 ugly things
  3 will-o-the-wisps
  A faun (shapeshifter) (D:15)
  2 sphinx skeletons (Depths:2)
  3 cyclopes
  18 moths of wrath
  A rust devil (Zot:3)
  8 salamanders
  30 black mambas
  6 naga magi
  7 guardian serpents
  A stone giant skeleton (Vaults:1)
  A guardian serpent (shapeshifter) (Vaults:4)
  11 vault sentinels
  4 apis skeletons (Depths:4)
  4 cane toads
  An unseen horror (D:6)
  2 orange demons (D:1)
  27 yaktaurs
  3 komodo dragons
  2 freezing wraiths
  A tengu conjurer (D:15)
  A rime drake (Lair:2)
  4 hellwings (D:1)
  A yaktaur skeleton (Vaults:4)
  A guardian mummy (Vaults:4)
  3 trolls
  6 tyrant leeches
  4 meliai
  3 polar bears
  A polar bear (shapeshifter) (Vaults:5)
  A tengu simulacrum (Vaults:1)
  A raiju (Gauntlet)
  Prince Ribbit (Bailey)
  A spriggan zombie (Depths:2)
  9 hornets
  3 blink frogs (Lair:4)
  A dream sheep (Lair:6)
  An ettin zombie (Vaults:4)
  25 slime creatures
  A fire giant simulacrum (Vaults:3)
  A jumping spider (Vaults:4)
  3 water elementals (Elf:1)
  15 spriggans
  8 shadows
  2 wraiths
  An air elemental (Elf:3)
  An elf zombie (Vaults:1)
  4 basilisks
  19 yaks
  3 fire elementals
  2 hogs (D:12)
  A steam dragon (Gauntlet)
  2 humans (Bailey)
  6 vampire mosquitoes
  2 redbacks
  10 swamp worms
  5 water moccasins
  3 acid dragons
  39 nagas
  16 orc warriors
  A floating eye (Depths:1)
  8 swamp drakes (Swamp:4)
  An ice beast (D:7)
  3 black bears (Lair:6)
  A hornet zombie (D:6)
  2 boggarts (Lair:6)
  A wolf (shapeshifter) (Vaults:5)
  14 wolves
  4 ogres
  3 centaurs (D:15)
  A kobold brigand (D:11)
  9 bullfrogs
  A bullfrog (shapeshifter) (Vaults:5)
  A human zombie (Vaults:3)
  2 human skeletons
  An earth elemental (Elf:1)
  A water moccasin skeleton (D:5)
  3 killer bees (D:11)
  A wight (D:6)
  4 centaur zombies
  2 jellies
  6 orc priests
  A centaur skeleton (D:6)
  6 orc wizards
  A hell rat (Lair:6)
  9 nameless horrors
  A mummy (Ossuary)
  3 adders
  3 gnolls
  A shadow imp (D:6)
  A white imp (D:6)
  13 orcs
  A hobgoblin (Bailey)
  5 kobolds (D:11)
  2 goblins (Bailey)
  A goblin zombie (Ossuary)
  2 kobold zombies (Ossuary)
  An orc zombie (Ossuary)
  A butterfly (Lair:2)
1312 creatures vanquished.

Vanquished Creatures (others)
  2 eldritch tentacles
  A storm dragon (Zot:1)
  A draconian monk (Zot:1)
  Aizul (Lair:2)
  2 ghouls (Lair:3)
  A salamander tyrant (Snake:4)
  A boulder beetle (D:12)
  A vault guard (D:14)
  2 deep elf knights (Elf:2)
  A sixfirhy (D:2)
  A goliath frog (Swamp:2)
  A swamp dragon (Swamp:1)
  A wizard (Vaults:2)
  A necromancer (Vaults:4)
  A deep elf zephyrmancer (Elf:2)
  2 cyclopes
  A black mamba (Snake:1)
  An elephant (Gauntlet)
  A gargoyle (D:13)
  2 cane toads
  A naga mage (Snake:4)
  A komodo dragon (Lair:6)
  A bloated husk (Swamp:4)
  A polar bear (Lair:6)
  A tyrant leech (Swamp:3)
  2 hornets (Lair:6)
  A blink frog (Lair:4)
  A dream sheep (Lair:6)
  4 spriggans (Lair:6)
  A human (D:12)
  A naga (Lair:4)
  7 wolves (Lair:6)
  2 briar patches (Swamp:2)
  10 foxfires
  59 fungi
  103 plants
  2 withered plants (Lair:6)
223 creatures vanquished.

Grand Total: 2339 creatures vanquished

Notes
Turn   | Place    | Note
-------+----------+-------------------------------------------
     0 | D:1      | fictitious the Ogre Arcane Marksman began the quest for the
                  | Orb.
     0 | D:1      | Reached XP level 1. HP: 19/19 MP: 2/2
   238 | D:1      | Reached skill level 1 in Short Blades
   317 | D:1      | Found a faded altar of an unknown god.
   361 | D:1      | Reached XP level 2. HP: 27/27 MP: 3/3
   720 | D:1      | Reached XP level 3. HP: 18/33 MP: 1/4
  1326 | D:2      | Found a radiant altar of Vehumet.
  2124 | D:2      | Reached XP level 4. HP: 36/41 MP: 3/5
  2178 | D:2      | Noticed Jessica
  2188 | D:2      | Killed Jessica
  2849 | D:2      | Reached XP level 5. HP: 44/48 MP: 3/6
  3388 | D:3      | Found Xupis's Distillery.
  3418 | D:3      | Bought a potion of degeneration for 13 gold pieces
  3418 | D:3      | Bought a potion of heal wounds for 65 gold pieces
  3565 | D:3      | Learned a level 2 spell: Blink
  3568 | D:3      | Learned a level 2 spell: Call Imp
  3623 | D:4      | Found a glowing silver altar of Zin.
  3624 | D:4      | Found a snail-covered altar of Cheibriados.
  3625 | D:4      | Found a sacrificial altar of Ru.
  3626 | D:4      | Found a blossoming altar of Fedhas.
  3626 | D:4      | Found a sand-covered staircase.
  3637 | Ossuary  | Entered an ossuary
  3778 | Ossuary  | Reached skill level 5 in Short Blades
  3778 | Ossuary  | Reached XP level 6. HP: 42/55 MP: 3/7
  4100 | D:4      | Found a sparkling altar of Nemelex Xobeh.
  4101 | D:4      | Found an opulent altar of Gozag.
  5050 | D:4      | Learned a level 3 spell: Mephitic Cloud
  5146 | D:4      | Reached XP level 7. HP: 36/63 MP: 3/10
  5673 | D:5      | Entered Level 5 of the Dungeon
  5904 | D:5      | Reached skill level 1 in Conjurations
  5904 | D:5      | Reached skill level 1 in Air Magic
  5904 | D:5      | Reached skill level 1 in Poison Magic
  6133 | D:5      | Reached skill level 1 in Summonings
  6442 | D:3      | Bought a potion of might for 52 gold pieces
  6911 | D:5      | Reached XP level 8. HP: 72/72 MP: 12/12
  6931 | D:5      | Found a runed translucent door.
  6932 | D:5      | Noticed Crazy Yiuf
  7882 | D:5      | Killed Crazy Yiuf
  8615 | D:6      | Found a staircase to the Ecumenical Temple.
  8628 | D:6      | Reached skill level 1 in Translocations
  8635 | Temple   | Entered the Ecumenical Temple
  8640 | Temple   | Became a worshipper of Dithmenos the Shadowed
  8653 | D:6      | Reached XP level 9. HP: 76/79 MP: 12/15
  9212 | D:7      | Found Hawk's Magic Scroll Shoppe.
  9217 | D:7      | Bought a scroll of fear for 38 gold pieces
  9749 | D:7      | Identified the +0 scale mail "Lilasuh" {Slay+2}
  9939 | D:7      | Found Pekogazi's Antique Armour Shoppe.
  9986 | D:6      | Noticed an eight-headed hydra
  9987 | D:6      | Noticed a troll
 10108 | D:7      | Found Hadghef's Book Emporium.
 10254 | D:7      | Found Geroum's Book Boutique.
 10448 | D:7      | Found Xycs's Antique Weapon Emporium.
 10561 | D:7      | Learned a level 3 spell: Portal Projectile
 10673 | D:8      | Reached * piety under Dithmenos
 11056 | D:8      | Reached skill level 5 in Conjurations
 11357 | D:8      | Found a staircase to the Lair.
 11839 | D:8      | Reached XP level 10. HP: 62/88 MP: 3/16
 11942 | D:7      | Learned a level 4 spell: Cause Fear
 12966 | D:8      | Reached skill level 5 in Summonings
 13220 | D:8      | Reached skill level 5 in Fighting
 13784 | D:9      | Found a staircase to the Orcish Mines.
 14175 | Orc:1    | Entered Level 1 of the Orcish Mines
 14230 | Orc:1    | Noticed an orc sorcerer
 14238 | D:9      | Reached ** piety under Dithmenos
 14307 | Orc:1    | Killed an orc sorcerer
 14469 | Orc:1    | Found a burning altar of Makhleb.
 14649 | Orc:1    | Found Caloyhon's Assorted Antiques.
 14880 | Orc:2    | Entered Level 2 of the Orcish Mines
 15183 | Orc:1    | Reached skill level 5 in Throwing
 15414 | D:7      | Bought a book of Beasts for 608 gold pieces
 15505 | Orc:1    | Identified a scroll of acquirement
 15505 | Orc:1    | Acquired the +3 pearl dragon scales "Muduopof" {Rampage
                  | rElec rN+ SInv}
 15642 | D:7      | Bought a scroll of amnesia for 38 gold pieces
 15648 | D:7      | Learned a level 4 spell: Summon Ice Beast
 16334 | Orc:2    | Reached skill level 1 in Armour
 16516 | Orc:2    | Found Duganaq's Magic Scroll Shoppe.
 16540 | Orc:2    | Bought a scroll of teleportation for 42 gold pieces
 16540 | Orc:2    | Bought a scroll of identify for 28 gold pieces
 16572 | Orc:2    | Reached skill level 1 in Ice Magic
 16593 | Orc:2    | Reached XP level 11. HP: 105/105 MP: 9/17
 17114 | Orc:2    | Reached *** piety under Dithmenos
 17414 | Orc:2    | Reached skill level 5 in Spellcasting
 17776 | Orc:2    | Noticed an orc high priest
 17808 | Orc:2    | Killed an orc high priest
 17894 | Orc:2    | Noticed an orc sorcerer
 17943 | Orc:2    | Killed an orc sorcerer
 18147 | Orc:2    | Found Veonioq's Antique Armour Emporium.
 18149 | Orc:2    | Noticed Saint Roka
 18370 | Orc:1    | Bought a scroll labelled KYPIEN UXOCH for 23 gold pieces
 18370 | Orc:1    | Bought 2 potions of curing for 138 gold pieces
 18449 | Lair:1   | Entered Level 1 of the Lair of Beasts
 18857 | Lair:1   | Identified the +0 buckler of Parsimonious Happiness {*Slow
                  | MP+9 Slay+3}
 19448 | Lair:1   | Identified the +12 spear of Context {vorpal, Will+ Dex+2}
 20346 | Lair:2   | Found a dark tunnel.
 20519 | Lair:2   | Reached **** piety under Dithmenos
 20525 | Lair:2   | Reached skill level 5 in Armour
 20612 | Lair:2   | Noticed a four-headed hydra
 20651 | Lair:3   | Reached XP level 12. HP: 58/114 MP: 2/21
 21907 | Lair:2   | Learned a level 3 spell: Summon Guardian Golem
 21913 | Lair:2   | Learned a level 5 spell: Summon Mana Viper
 22197 | Lair:2   | Killed a four-headed hydra
 22604 | Lair:2   | Reached skill level 5 in Ice Magic
 22977 | Lair:3   | Noticed a boulder beetle
 24414 | Lair:3   | Killed a boulder beetle
 24586 | Lair:3   | Found a staircase to the Swamp.
 25151 | Lair:4   | Found a staircase to the Snake Pit.
 25506 | Lair:4   | Reached XP level 13. HP: 89/120 MP: 1/25
 26773 | Lair:5   | Found a runed translucent door.
 26773 | Lair:5   | Found a viscous altar of Jiyva.
 27260 | Lair:5   | Reached ***** piety under Dithmenos
 27261 | Lair:5   | Reached skill level 5 in Hexes
 27573 | Lair:5   | Found a staircase to the Slime Pits.
 28327 | Lair:6   | Entered Level 6 of the Lair of Beasts
 28728 | Lair:6   | Found a gate leading to a gauntlet.
 28738 | Gauntlet | Entered a Gauntlet
 28738 | Gauntlet | Found a transporter.
 28738 | Gauntlet | Found a transporter.
 28738 | Gauntlet | Found a transporter.
 28739 | Gauntlet | Noticed an entropy weaver
 28765 | Gauntlet | Found a transporter.
 28767 | Gauntlet | Found a transporter.
 28782 | Gauntlet | Found a transporter.
 28811 | Gauntlet | Found a transporter.
 28811 | Gauntlet | Found a transporter.
 28831 | Gauntlet | Found a transporter.
 28849 | Gauntlet | Found a transporter.
 28857 | Gauntlet | Found a transporter.
 28874 | Gauntlet | Found a transporter.
 29134 | Gauntlet | Identified the +2 hat "Tiorghor" {rElec rCorr Str-3 Dex+2}
 29171 | Gauntlet | Reached skill level 10 in Summonings
 29501 | Gauntlet | Identified the +7 morningstar of Misery {venom, rF+ Will+
                  | rCorr}
 29501 | Gauntlet | Identified the +8 plate armour of Tecwot {Str+10 Slay-6
                  | Stlth+}
 29501 | Gauntlet | Noticed a minotaur
 32647 | Lair:6   | Reached XP level 14. HP: 126/130 MP: 7/26
 33261 | Lair:6   | Reached skill level 1 in Invocations
 33380 | Lair:6   | Reached skill level 1 in Stealth
 34242 | Lair:6   | Found a runed translucent door.
 34242 | Lair:6   | Noticed Etunu's ghost (journeyman GrFi)
 36240 | D:10     | Entered Level 10 of the Dungeon
 36287 | D:10     | Found a hide-covered altar of Uskayaw.
 36516 | D:10     | Found a flagged portal.
 36650 | Bailey   | Entered a bailey
 36917 | Bailey   | Noticed Prince Ribbit
 36923 | Bailey   | Killed Prince Ribbit
 36954 | Bailey   | Acquired the ring of Paranoia {AC+4 Dex+2}
 37516 | D:10     | Identified the +6 spear of Sicagg {drain, Fragile rN++
                  | rCorr}
 37929 | D:11     | Reached ****** piety under Dithmenos
 38735 | D:12     | Noticed Kirke
 38759 | D:11     | Killed Kirke
 39083 | D:12     | Found Seyreqoke's Distillery.
 39108 | D:12     | Bought a potion of magic for 96 gold pieces
 39108 | D:12     | Bought a potion of curing for 36 gold pieces
 39108 | D:12     | Bought a potion of brilliance for 48 gold pieces
 39108 | D:12     | Bought a potion of mutation for 96 gold pieces
 39108 | D:12     | Bought a potion of invisibility for 96 gold pieces
 39108 | D:12     | Bought 2 potions of brilliance for 96 gold pieces
 39108 | D:12     | Bought a potion of curing for 36 gold pieces
 39108 | D:12     | Bought a potion of curing for 36 gold pieces
 39949 | Swamp:1  | Entered Level 1 of the Swamp
 40264 | Swamp:1  | Noticed Aizul
 40795 | Lair:2   | Killed Aizul
 40796 | Lair:2   | Reached XP level 15. HP: 36/136 MP: 3/27
 41504 | Swamp:1  | Noticed a ghoul
 41512 | Swamp:1  | Noticed a ghoul
 41513 | Swamp:1  | Noticed a ghoul
 41515 | Swamp:1  | Noticed a ghoul
 41526 | Lair:3   | Killed a ghoul
 41781 | Lair:3   | Killed a ghoul
 41782 | Lair:3   | Reached skill level 10 in Throwing
 41949 | Lair:3   | Killed a ghoul
 42087 | Lair:3   | Killed a ghoul
 45623 | Swamp:2  | Found a runed translucent door.
 45638 | Swamp:2  | Noticed a thorn hunter
 46668 | D:13     | Reached skill level 5 in Dodging
 47146 | D:13     | Found a runed translucent gate.
 47146 | D:13     | Found a runed translucent gate.
 47146 | D:13     | Found a runed translucent gate.
 47147 | D:13     | Noticed Esezej's ghost (journeyman GnWr)
 47907 | D:14     | Found Plog's Jewellery Shop.
 49388 | D:14     | Found a gate to the Vaults.
 49516 | D:15     | Entered Level 15 of the Dungeon
 49811 | D:15     | Reached XP level 16. HP: 139/144 MP: 19/28
 50018 | D:15     | Found a staircase to the Depths.
 50719 | D:15     | Noticed Agnes
 50735 | D:15     | Killed Agnes
 50965 | D:15     | Identified the -7 kite shield of the Unbroken {rC+ Int+6}
 51445 | Orc:1    | Bought a scroll of blinking for 172 gold pieces
 51445 | Orc:1    | Bought a potion of heal wounds for 115 gold pieces
 51445 | Orc:1    | Bought a scroll of fog for 46 gold pieces
 51605 | Orc:2    | Killed Saint Roka
 51942 | Orc:2    | Found Ceuh's Antique Armour Emporium.
 52248 | Orc:2    | Found Weqocreth's Antique Weapon Shoppe.
 52259 | Orc:2    | Bought a fine robe for 210 gold pieces
 52259 | Orc:2    | Identified the +1 robe of Tulips {Str+7} (You bought it in
                  | a shop on level 2 of the Orcish Mines)
 52262 | Orc:2    | Bought a glowing kite shield for 277 gold pieces
 52311 | Orc:2    | Found a staircase to the Elven Halls.
 52616 | Orc:2    | Found Bizelovi's Magic Scroll Emporium.
 52625 | Orc:2    | Bought a scroll of enchant armour for 90 gold pieces
 52625 | Orc:2    | Bought a scroll of fear for 42 gold pieces
 52625 | Orc:2    | Bought a scroll of torment for 90 gold pieces
 52630 | Orc:2    | Bought a scroll of magic mapping for 42 gold pieces
 52630 | Orc:2    | Bought a scroll of teleportation for 36 gold pieces
 53813 | Swamp:2  | Killed a thorn hunter
 53954 | Swamp:2  | Noticed ShadowYui's ghost (adept HuFi)
 54222 | Swamp:2  | Learned a level 3 spell: Swiftness
 54590 | Swamp:2  | Killed ShadowYui's ghost
 56205 | Snake:1  | Entered Level 1 of the Snake Pit
 56408 | D:14     | Bought a ring of fire for 350 gold pieces
 59299 | Snake:1  | Reached skill level 15 in Throwing
 59542 | Snake:2  | Noticed Vashnia
 60384 | Snake:2  | Reached XP level 17. HP: 46/152 MP: 7/30
 60934 | Snake:2  | Learned a level 7 spell: Monstrous Menagerie
 60993 | Snake:2  | Found Zeozumun's General Store.
 60994 | Snake:2  | Found Loni's Magic Scroll Emporium.
 60994 | Snake:2  | Found Iczi's Book Shoppe.
 60997 | Snake:2  | Found Qedesuka's Antique Armour Emporium.
 60999 | Snake:2  | Bought a scroll of fear for 56 gold pieces
 60999 | Snake:2  | Bought a scroll of magic mapping for 56 gold pieces
 61007 | Snake:2  | Bought a scroll of blinking for 75 gold pieces
 61019 | Snake:2  | Bought a scroll of teleportation for 30 gold pieces
 61073 | Snake:2  | Learned a level 4 spell: Animate Armour
 62018 | Snake:2  | Found Wuixol's Weapon Emporium.
 65552 | Snake:3  | Reached skill level 15 in Summonings
 67932 | Snake:4  | Entered Level 4 of the Snake Pit
 68098 | Snake:1  | Killed Vashnia
 68350 | Swamp:4  | Entered Level 4 of the Swamp
 69197 | Swamp:4  | Reached XP level 18. HP: 159/159 MP: 31/31
 69717 | Swamp:4  | Noticed Louise
 69731 | Swamp:4  | Killed Louise
 69917 | Swamp:4  | Reached skill level 10 in Spellcasting
 70408 | Lair:6   | Killed Etunu's ghost
 70841 | Swamp:4  | Noticed the 27-headed Lernaean hydra
 70845 | Swamp:4  | Killed the 27-headed Lernaean hydra
 70853 | Swamp:4  | Got a decaying rune of Zot
 71347 | D:3      | Bought 2 potions of cancellation for 208 gold pieces
 71347 | D:3      | Bought a potion of heal wounds for 65 gold pieces
 71347 | D:3      | Bought a potion of ambrosia for 104 gold pieces
 71432 | D:7      | Bought a book of Scorching for 360 gold pieces
 71439 | D:7      | Learned a level 6 spell: Summon Cactus Giant
 71475 | D:7      | Bought a scroll of enchant weapon for 82 gold pieces
 71475 | D:7      | Bought a scroll of fear for 38 gold pieces
 71475 | D:7      | Bought a scroll of fear for 38 gold pieces
 71475 | D:7      | Bought a scroll of fog for 22 gold pieces
 71589 | D:14     | Bought an amulet of magic regeneration for 420 gold pieces
 71700 | Orc:2    | Bought a scroll of blinking for 105 gold pieces
 71700 | Orc:2    | Bought a scroll of enchant weapon for 105 gold pieces
 71700 | Orc:2    | Bought a scroll of fog for 28 gold pieces
 71700 | Orc:2    | Bought a scroll of magic mapping for 49 gold pieces
 71796 | Temple   | Fell from the grace of Dithmenos
 71796 | Temple   | Became a worshipper of Ashenzari the Shackled
 72180 | Snake:4  | Reached skill level 1 in Shields
 73030 | Snake:4  | Noticed a Tzitzimitl
 73039 | Snake:4  | Killed a Tzitzimitl
 74754 | Snake:4  | Reached skill level 5 in Shields
 74767 | Snake:4  | Got a serpentine rune of Zot
 75048 | Elf:1    | Entered Level 1 of the Elven Halls
 75207 | Elf:1    | Found a radiant altar of Vehumet.
 75977 | Elf:1    | Identified the ring of Wonder {Contam rElec rF- rC+ rN+++}
 76008 | Elf:1    | Reached * piety under Ashenzari
 76356 | Elf:1    | Reached XP level 19. HP: 153/158 MP: 22/34
 76775 | Elf:1    | Reached ** piety under Ashenzari
 76787 | Elf:1    | Learned a level 8 spell: Summon Horrible Things
 76948 | Elf:2    | Found Cafehigue's Antique Armour Shoppe.
 77467 | Elf:2    | Noticed Asterion
 77816 | Elf:2    | Killed Asterion
 78004 | Elf:2    | Reached *** piety under Ashenzari
 78087 | Elf:2    | Found a runed translucent gate.
 78088 | Elf:2    | Found a runed translucent gate.
 78088 | Elf:2    | Found a runed translucent gate.
 78612 | Elf:3    | Entered Level 3 of the Elven Halls
 78671 | Elf:3    | Noticed a Tzitzimitl
 78679 | Elf:3    | Killed a Tzitzimitl
 79068 | Elf:3    | Found a transporter.
 79070 | Elf:3    | Noticed issech's ghost (adept MiMo)
 79074 | Elf:3    | Found a bloodstained altar of Trog.
 79097 | Elf:3    | Found a transporter.
 79379 | Elf:3    | Was forgiven by Dithmenos
 79380 | Elf:3    | Noticed a Tzitzimitl
 79819 | Elf:3    | Killed a Tzitzimitl
 80780 | Elf:3    | Paralysed by an air elemental for 1 turns
 81067 | Elf:3    | Noticed a Brimstone Fiend
 81281 | Elf:3    | Noticed an Ice Fiend
 81638 | Elf:3    | Noticed a Brimstone Fiend
 82200 | Elf:3    | Reached skill level 10 in Fighting
 82479 | Elf:3    | Identified the +6 falchion of the Dove {freeze, Str+6}
 82591 | Elf:3    | Identified the Disquisition on the Ashen Blaze
 82595 | Elf:3    | Identified the -3 helmet of an ice cave {rF- Slay+5}
 82630 | Elf:3    | Identified the +2 pair of gloves "Seicoxzogi" {+Blink rCorr
                  | SInv Stlth+}
 82818 | Elf:2    | Reached **** piety under Ashenzari
 82819 | Elf:2    | Found a radiant altar of Vehumet.
 83147 | Vaults:1 | Entered Level 1 of the Vaults
 83153 | Vaults:1 | Reached XP level 20. HP: 195/195 MP: 32/37
 83695 | Vaults:1 | Noticed Nikola
 83714 | Vaults:1 | Killed Nikola
 84914 | Vaults:1 | Reached ***** piety under Ashenzari
 87146 | Vaults:1 | Reached skill level 15 in Fighting
 87386 | Vaults:2 | Learned a level 9 spell: Dragon's Call
 87761 | Vaults:2 | Reached XP level 21. HP: 223/226 MP: 26/41
 87981 | Vaults:2 | Found a runed translucent door.
 87983 | Vaults:2 | Noticed Lolleill's ghost (adept DgTm)
 87994 | Vaults:2 | Killed Lolleill's ghost
 88218 | Vaults:2 | Found a transporter.
 88219 | Vaults:2 | Found a shimmering blue altar of Sif Muna.
 88219 | Vaults:2 | Identified the Collected Works on Malediction and Air
 88240 | Vaults:2 | Identified the +8 plate armour of Catatonia {Int+3}
 88266 | Vaults:2 | Found a transporter.
 88286 | Vaults:2 | Reached ****** piety under Ashenzari
 88798 | Vaults:2 | Found Deownum's Weapon Emporium.
 88823 | Vaults:2 | Found a staircase to the Crypt.
 91916 | Vaults:3 | Reached XP level 22. HP: 213/236 MP: 21/42
 92886 | Vaults:4 | Found the +10 tower shield of Ignorance {rN+ Int-4}
 93471 | Vaults:4 | Found a portal to a secret trove of treasure.
 93778 | Vaults:4 | Reached skill level 10 in Dodging
 95353 | Depths:1 | Entered Level 1 of the Depths
 95353 | Depths:1 | Noticed Mara
 95365 | Depths:1 | Noticed Bai Suzhen
 95367 | Depths:1 | Killed Mara
 95369 | Depths:1 | Paralysed by a floating eye for 4 turns
 95372 | Depths:1 | Killed Bai Suzhen
 96008 | Depths:1 | Found a gateway to Hell.
 96216 | Depths:2 | Found a one-way gate leading to the halls of Pandemonium.
 96740 | Depths:2 | Reached skill level 15 in Spellcasting
 96789 | Depths:2 | Reached XP level 23. HP: 244/244 MP: 16/44
 98191 | Depths:3 | Noticed a caustic shrike
 98191 | Depths:3 | a fenstrider witch changed into a caustic shrike
 98196 | Depths:3 | Killed a caustic shrike
 98199 | Depths:3 | Noticed a caustic shrike
 98203 | Depths:3 | Killed a caustic shrike
 98214 | Depths:3 | Noticed a juggernaut
 98542 | Depths:3 | Found a one-way gate to the infinite horrors of the Abyss.
 98677 | Depths:3 | Noticed a golden dragon
 98692 | Depths:3 | Killed a golden dragon
 98700 | Depths:3 | Killed a juggernaut
 98764 | Depths:3 | Identified the +3 trident of Lol Xeog {flame, Int+4}
 98921 | Depths:3 | Identified the +1 chain mail of Hedging {Str+6 SInv}
 99656 | Vaults:5 | Entered Level 5 of the Vaults
 99953 | Vaults:5 | Noticed a dread lich
 99959 | Vaults:5 | Noticed a dread lich
 99993 | Vaults:5 | Killed a dread lich
101417 | Vaults:5 | Noticed a golden dragon
101425 | Vaults:4 | Reached XP level 24. HP: 202/253 MP: 24/46
101541 | Vaults:4 | Killed a dread lich
103399 | Vaults:5 | Noticed Boris
103406 | Vaults:5 | Killed Boris
103768 | Vaults:5 | Noticed a dread lich
103776 | Vaults:5 | Killed a dread lich
103991 | Vaults:5 | Identified the +1 leather armour "Fanos" {MP+9}
104122 | Vaults:5 | Got a silver rune of Zot
104464 | Vaults:5 | Identified Sif Muna's Handbook of Virous Weightlessness
105602 | Vaults:5 | Identified the Almanac of Intoxication and Calling
106480 | Depths:4 | Entered Level 4 of the Depths
106596 | Depths:4 | Noticed Boris
106733 | Depths:4 | Killed Boris
106859 | Depths:4 | Found Kuqasim's Elemental Accessories.
106948 | Depths:4 | Found a bloodstained altar of Trog.
107087 | Depths:4 | Found Kunt's Weapon Boutique.
107552 | Depths:4 | Found a basalt altar of Yredelemnul.
107557 | Depths:4 | Reached XP level 25. HP: 261/261 MP: 40/46
107704 | Depths:4 | Reached skill level 10 in Shields
107827 | Depths:4 | Reached skill level 10 in Armour
108006 | Depths:4 | Found a gate to the Realm of Zot.
108089 | Depths:4 | Found a one-way gateway to a ziggurat.
108181 | Depths:4 | Learned a level 7 spell: Malign Gateway
108208 | Zot:1    | Entered Level 1 of the Realm of Zot
110765 | Zot:2    | Noticed a Killer Klown
110769 | Zot:2    | Killed a Killer Klown
110816 | Zot:2    | Noticed an orb of fire
110832 | Zot:2    | Gained mutation: You are frail. (-10% HP) [an orb of fire]
111311 | Zot:2    | Gained mutation: You are weak. (Str -2) [an orb of fire]
111325 | Zot:1    | Killed an orb of fire
111585 | Zot:1    | Lost mutation: You are frail. (-10% HP) [potion of
                  | mutation]
111585 | Zot:1    | Lost mutation: You are weak. (Str -2) [potion of mutation]
111585 | Zot:1    | Gained mutation: You passively map a small area around you.
                  | [potion of mutation]
111585 | Zot:1    | Gained mutation: A frigid envelope surrounds you and
                  | freezes all who hurt you. [potion of mutation]
111585 | Zot:1    | Lost mutation: A frigid envelope surrounds you and freezes
                  | all who hurt you. [potion of mutation]
111860 | Zot:2    | Identified the +7 plate armour of the Blizzard {Contam
                  | rElec Str+4}
112322 | Zot:3    | Reached XP level 26. HP: 191/271 MP: 6/47
112604 | Zot:3    | Acquired a book of Death
112614 | Zot:3    | Learned a level 7 spell: Haunt
112867 | Zot:3    | Identified the +0 chain mail of Ignis's Scorn {Harm Str-2
                  | Dex+5 SInv}
112875 | Zot:3    | Reached skill level 1 in Necromancy
112981 | Zot:3    | Noticed a Killer Klown
112988 | Zot:3    | Killed a Killer Klown
114302 | Zot:5    | Entered Level 5 of the Realm of Zot
114310 | Zot:5    | Noticed a Killer Klown
114317 | Zot:5    | Killed a Killer Klown
114433 | Zot:5    | Reached skill level 5 in Necromancy
115130 | Zot:5    | Noticed a dread lich
115151 | Zot:5    | Noticed an orb of fire
115155 | Zot:5    | Killed a dread lich
115167 | Zot:5    | Killed an orb of fire
115258 | Zot:5    | Noticed an orb of fire
115259 | Zot:5    | Gained mutation: You tend to lose your temper in combat.
                  | [an orb of fire]
115273 | Zot:5    | Killed an orb of fire
115459 | Zot:5    | Noticed a Killer Klown
115463 | Zot:5    | Noticed a Killer Klown
115564 | Zot:5    | Killed a Killer Klown
115676 | Zot:5    | Noticed an orb of fire
115679 | Zot:5    | Gained mutation: You are partially covered in iridescent
                  | scales. (AC +2) [an orb of fire]
115685 | Zot:5    | Killed an orb of fire
115694 | Zot:5    | Noticed an orb of fire
115701 | Zot:5    | Killed an orb of fire
115702 | Zot:5    | Reached XP level 27. HP: 222/288 MP: 5/47
115946 | Zot:5    | Noticed an orb of fire
115947 | Zot:5    | Gained mutation: You often lose your temper in combat. [an
                  | orb of fire]
115948 | Zot:5    | Gained mutation: You are clumsy. (Dex -2) [an orb of fire]
115957 | Zot:5    | Killed an orb of fire
115970 | Zot:5    | Noticed a dread lich
116105 | Zot:5    | Killed a dread lich
116201 | Zot:5    | Noticed an orb of fire
116215 | Zot:5    | Killed an orb of fire
116233 | Zot:5    | Noticed an orb of fire
116245 | Zot:5    | Killed an orb of fire
116281 | Zot:5    | Reached skill level 15 in Dodging
116435 | Zot:5    | Noticed an orb of fire
116443 | Zot:5    | Killed an orb of fire
117406 | Zot:5    | Got the Orb of Zot
117821 | D:8      | Noticed Yxkoang the pandemonium lord
117961 | D:$      | Escaped with the Orb!

Illustrated notes

Levels and vault maps discovered:
D:1:      elethiomel_arrival_diamonds, layout_loops_cross,
          hellmonk_ecumenical_altar_pennies_from_heaven, minmay_bisected
D:2:      layout_basic, basic_altar, uniq_jessica
D:3:      layout_rooms, serial_shops, nicolae_shop_waterfront
D:4:      layout_gridville, grunt_temple_overflow_opulence,
          mainiacjoe_overflow_alcove_3, nicolae_ossuary_entry_ruins,
          roderic_serpentine_path
D:5:      layout_rooms, nicolae_figureground_sparkle, uniq_crazy_yiuf_cottage
D:6:      minmay_klotski, layout_cave_pools, temple_fountains
D:7:      layout_basic, serial_shops, nicolae_lakefront_shop, shop, shop, shop,
          nicolae_shop_behind_doors
D:8:      layout_layer_cave, david_lair_generic, nrook_mini_vaults
D:9:      layout_rooms, orc_0_dummy, hangedman_weighted_door
D:10:     layout_roguey, nicolae_overflow_hidden_temple, enter_bailey_5,
          mrwooster_statue_mirror, minmay_misc_feat_pillars
D:11:     layout_roguey, grunt_ministairs_4, skrybe_limestone_x
D:12:     layout_roguey, serial_shops, shop, uniq_kirke
D:13:     layout_irregular_city, gammafunk_ghost_spectres
D:14:     layout_cross, david_vaults_4, serial_shops,
          nicolae_shop_hallway_stairs, kennysheep_minor_cross
D:15:     hangedman_depths_entry_civil_slaughter, layout_loops_ring, uniq_agnes
Temple:   minmay_freezing_vapour_temple
Lair:1:   layout_small_grid, lemuel_fruit_fields
Lair:2:   layout_regular_city, lightli_volcano_entry_magma_tube,
          bobbens_dragon_lair_wall
Lair:3:   layout_concentric_octagons, skrybe_swamp_entry_bodies,
          grunt_megastairs_3, infiniplex_staircase_pool
Lair:4:   layout_cave_pods, minmay_snake_entry_guardpost_medium, dpeg_oklob_1,
          infiniplex_staircase_pool_2
Lair:5:   layout_big_grid, slime_altar_2, nicolae_lair_liquid_snakes
Lair:6:   minmay_lair_end_enchanted_forest, layout_small_grid,
          gauntlet_entry_generic, gammafunk_ghost_grave, serial_bayou_lagoon_b,
          grunt_megastairs_4, serial_bayou_shore_b
Swamp:1:  layout_basic_swamp, evilmike_swamp_ruin_house_1, uniq_aizul
Swamp:2:  layout_basic_swamp, ebering_ghost_inner_flame, wheals_swamp_sinkhole
Swamp:3:  layout_falls_marsh, evilmike_swamp_ruin_house_2, swamp_pool4
Swamp:4:  grunt_swamp_rune_castle, layout_basic_swamp,
          nicolae_swamp_feature_on_the_river_bank, uniq_louise
Snake:1:  layout_basic, serial_bayou_shore_b
Snake:2:  layout_chambers, serial_shops, nicolae_shop_hallway_stairs,
          minmay_shoptagon, lemuel_fruit_tree, uniq_vashnia
Snake:3:  layout_onion_interference, serial_bayou_shore_a
Snake:4:  johnstein_snake_rune_scales, layout_rooms, st_stairs_5,
          statue_in_the_mist_lemuel, drop_trap
Orc:1:    layout_caves, serial_shops, nicolae_shop_waterfront, basic_altar
Orc:2:    grunt_orc_community_town_hall, layout_caves,
          grunt_orc_community_big_house_1, grunt_orc_community_big_house_2,
          grunt_orc_community_house_3, grunt_orc_community_house_3,
          grunt_orc_community_house_2, grunt_orc_community_house_3,
          grunt_orc_community_house_1, grunt_orc_community_house_1,
          serial_shops, shop
Elf:1:    eino_elf_arrival_altar, layout_gridlike, kennysheep_underground_church
Elf:2:    nicolae_elf_blades_crystal_corner, layout_loops_corners, serial_shops,
          nicolae_shop_waterfront, lemuel_upstairs_altar, uniq_asterion
Elf:3:    grunt_elf_hall_asides, layout_rooms, gammafunk_ghost_wrathful_warriors
Vaults:1: grunt_vaults_focal, st_greater_box_3, v_rooms_3, vaults_dpeg_spiral,
          vaults_room_pools, nicolae_vaults_hallways_thing,
          hangedman_vaults_river_flow, vaults_room_hallway,
          vaults_standard_mumra_x, nicolae_vaults_diagonal_hallway_8,
          grunt_vaults_funnel, vaults_room_semicircle, layout_vaults_omnibox,
          uniq_nikola
Vaults:2: ebering_ghost_reflecting_pool, gammafunk_sealed_library, v_misc_27,
          minmay_crypt_entry_simple_walls, nicolae_vaults_yaktaur_gun_rack,
          grunt_vaults_hallway_short, hangedman_vaults_stitches,
          vaults_room_door_ring, v_misc_1, vaults_room_corners,
          nicolae_vaults_diagonal_hallway_8, nicolae_vaults_shelves_hall,
          layout_vaults_omnicross, serial_shops, nicolae_diamond_shop
Vaults:3: hangedman_vaults_cutoff, vaults_room_boxed, hangedman_vaults_nodes,
          v_misc_13, ontoclasm_vaults_spin, grunt_vaults_twisty,
          vaults_dpeg_ring, nicolae_vaults_three_branches,
          vaults_room_fancy_cross, ontoclasm_vaults_loading_screen,
          ontoclasm_vaults_fault, layout_vaults_big_room
Vaults:4: ontoclasm_vaults_tryst, hangedman_vaults_trim, v_misc_22,
          nicolae_vaults_disjoint_gnomons, v_pattern_1, ontoclasm_vaults_eye,
          vaults_room_ringed_pool, layout_vaults_omnigrid,
          nicolae_trove_entry_path_of_doom
Vaults:5: serial_shops, uniq_boris
Depths:1: layout_cave_pools, hell_entry, nrook_campfire, serial_bayou_crossing,
          uniq_bai_suzhen, uniq_mara
Depths:2: nooodl_glass_maze, layout_gridlike, grunt_hell_horde, pan_entry,
          minmay_misc_feat_iff
Depths:3: minmay_three_patterns, layout_gridlike, abyss_entry, hell_entry,
          pan_entry, hex_tiny, minmay_misc_feat_enclosed, grunt_decor_resistance
Depths:4: evilmike_zot_entry_diamond, layout_small_grid, enter_ziggurat_b,
          trog_three_pillars_becter, serial_shops, shop,
          grunt_hell_entry_dis_grunt, nicolae_elemental_shop,
          hangedman_blasphemy, uniq_saint_roka
Zot:1:    layout_onion
Zot:2:    grunt_zot_stairs_mandelzot, layout_misc_corridors
Zot:3:    layout_onion_interference, st_single_dragon_hoard_2,
          grunt_megastairs_2
Zot:4:    layout_onion, st_small_dragon_hoard_1
Zot:5:    layout_onion

Skill      XL: |  1  2  3  4  5  6  7  8  9 10 11 12 13 14 15 16 17 18 19 20 21 22 23 24 25 26 27 |
---------------+----------------------------------------------------------------------------------+-----
Short Blades   | 1 2 3 4 5 6 |  6.5
Spellcasting   | 2 4 6 8 9 11 13 14 15 17 19 | 19.2
Conjurations   | 1 3 6 |  6.0
Air Magic      | 1 2 4 |  4.0
Poison Magic   | 1 3 4 |  4.0
Summonings     | 2 4 5 7 8 11 12 16 17 18 19 22 | 22.4
Translocations | 1 4 |  4.0
Fighting       | 2 6 11 15 17 19 | 19.1
Throwing       | 5 9 13 15 17 19 20 21 22 | 22.5
Armour         | 1 5 7 8 9 11 12 | 12.4
Ice Magic      | 1 4 5 6 |  6.0
Hexes          | 3 6 8 |  8.0
Dodging        | 3 6 8 10 11 12 13 14 15 | 15.0
Invocations    | 3 |  3.3
Stealth        | 2 |  2.5
Shields        | 6 7 8 9 11 12 | 12.4
Necromancy     | 5 |  5.2

Action                   |  1- 3 |  4- 6 |  7- 9 | 10-12 | 13-15 | 16-18 | 19-21 | 22-24 | 25-27 || total
-------------------------+-------+-------+-------+-------+-------+-------+-------+-------+-------++-------
Melee: Unarmed           |    28 |       |       |       |       |       |       |       |       ||    28
       Punch             |     2 |     4 |     8 |    23 |    20 |    24 |       |       |       ||    81
       Whip              |    63 |       |       |       |       |       |       |       |       ||    63
       Short sword       |    23 |   177 |   303 |   646 |   382 |       |       |       |       ||  1531
       Dagger            |     1 |       |       |   412 |   749 |   807 |       |     9 |       ||  1978
       Rapier            |       |       |       |       |       |   180 |   830 |   551 |       ||  1561
       Staff             |       |       |       |       |       |       |       |    44 |    95 ||   139
Throw: Stone             |    37 |    31 |    13 |     4 |       |       |       |       |       ||    85
       Large rock        |    16 |    16 |    21 |     1 |     3 |    91 |   151 |   229 |   337 ||   865
       Throwing net      |       |     2 |       |       |       |       |     5 |       |       ||     7
       Dart              |       |     4 |    16 |     8 |     3 |       |    16 |       |       ||    47
       Boomerang         |       |       |       |    84 |   154 |   174 |   103 |    52 |       ||   567
       Javelin           |       |       |       |       |    15 |       |    23 |    30 |     6 ||    74
 Cast: Slow              |    11 |    39 |    32 |    11 |     2 |       |       |       |       ||    95
       Call Imp          |       |    11 |    53 |    51 |     3 |       |       |       |       ||   118
       Blink             |       |     1 |       |    10 |    35 |    15 |     5 |     6 |     1 ||    73
       Mephitic Cloud    |       |       |    28 |    89 |    61 |    42 |    24 |       |       ||   244
       Summon Ice Beast  |       |       |       |    27 |   135 |    64 |       |       |       ||   226
       Summon Guardian G |       |       |       |     7 |    74 |    22 |       |       |       ||   103
       Portal Projectile |       |       |       |     3 |    11 |     5 |    33 |    55 |    45 ||   152
       Summon Mana Viper |       |       |       |       |   140 |   167 |    77 |    13 |       ||   397
       Animate Armour    |       |       |       |       |       |    67 |    28 |     3 |       ||    98
       Monstrous Menager |       |       |       |       |       |   121 |   151 |    60 |     7 ||   339
       Summon Cactus Gia |       |       |       |       |       |     6 |    40 |       |       ||    46
       Summon Horrible T |       |       |       |       |       |       |    37 |    23 |    28 ||    88
       Dragon's Call     |       |       |       |       |       |       |     4 |    65 |    73 ||   142
       Malign Gateway    |       |       |       |       |       |       |       |       |     2 ||     2
       Haunt             |       |       |       |       |       |       |       |       |    17 ||    17
Invok: Curse Item        |       |       |       |       |       |     2 |     6 |     1 |     1 ||    10
       Shatter the Chain |       |       |       |       |       |       |       |     2 |       ||     2
Evoke: Wand              |       |       |       |     4 |     2 |     8 |     3 |       |     2 ||    19
       Phantom mirror    |       |       |       |       |       |     1 |     1 |       |       ||     2
  Use: Scroll            |     1 |     2 |     8 |    15 |    20 |    15 |    12 |    11 |     7 ||    91
       Potion            |       |       |     2 |     5 |    21 |     5 |     4 |     7 |     4 ||    48
 Stab: Distracted        |       |     1 |     2 |     2 |    15 |    17 |    17 |    22 |     4 ||    80
       Sleeping          |       |     1 |       |       |       |     4 |     2 |     1 |       ||     8
       Confused          |       |       |     8 |    63 |    26 |    15 |     7 |       |       ||   119
       Paralysed         |       |       |       |     2 |     2 |       |       |     2 |       ||     6
       Invisible         |       |       |       |       |     1 |       |       |       |       ||     1
Armor: Robe              |    45 |    28 |    98 |    55 |       |       |       |       |       ||   226
       Pearl dragon scal |       |       |       |   290 |   768 |    85 |       |       |       ||  1143
       Swamp dragon scal |       |       |       |       |       |   403 |   509 |   271 |    85 ||  1268
Dodge: Dodged            |    59 |    64 |   125 |   320 |   460 |   598 |   373 |   215 |    99 ||  2313
Block: Kite shield       |       |       |       |       |       |    21 |   694 |   399 |   116 ||  1230
